 Dungeon Crawl Stone Soup version 0.28.0-53-g5a82cb258f (webtiles) character file.

Game seed: 2481400950839990425

240 LLlMATKO the Skirmisher (level 5, -2/48 HPs)
             Began as a Minotaur Berserker on July 23, 2022.
             Was a Believer of Trog.
             Slain by Terence
             ... wielding a +0 mace
              (4 damage)
             ... on level 3 of the Dungeon.
             The game lasted 00:02:20 (2908 turns).

LLlMATKO the Skirmisher (Minotaur Berserker)        Turns: 2908, Time: 00:02:20

Health: -2/48      AC:  2    Str: 21    XL:     5   Next: 80%
Magic:  4/4        EV: 13    Int:  4    God:    Trog [**....]
Gold:   112        SH:  0    Dex: 12    Spells: 4/4 levels left

rFire   . . .      SeeInvis .   a - +0 hand axe
rCold   . . .      Faith    .   (no shield)
rNeg    . . .      Spirit   .   b - +0 animal skin
rPois   .          Reflect  .   (helmet restricted)
rElec   .          Harm     .   (no cloak)
rCorr   .          Rampage  .   (no gloves)
Will    .....                   (no boots)
Stlth   +.........              (no amulet)
HPRegen 0.16/turn               (no ring)
MPRegen 0.09/turn               (no ring)

@: on berserk cooldown, slowed, very slow
A: horns 2, retaliatory headbutt
a: Renounce Religion, Berserk, Trog's Hand


You were on level 3 of the Dungeon.
You worshipped Trog.
Trog was pleased with you.
You visited 1 branch of the dungeon, and saw 3 of its levels.

You collected 112 gold pieces.

Inventory:

Hand Weapons
 a - a +0 hand axe (weapon)
Missiles
 l - 24 bolts
Armour
 b - a +0 animal skin (worn)
Jewellery
 h - a ring of ice
Scrolls
 c - a scroll of blinking {unknown}
 d - a scroll of holy word {unknown}
 i - 5 scrolls of magic mapping {unknown}
 m - a scroll of brand weapon {unknown}
 n - a scroll of noise {unknown}
Potions
 e - 4 potions of curing {unknown}
 f - 2 potions of degeneration {unknown}
 g - a potion of ambrosia {unknown}
 j - a potion of resistance {unknown}
 k - a potion of flight {unknown}


   Skills:
 + Level 5.1 Fighting
 + Level 5.0 Axes
 + Level 4.2 Armour
 + Level 3.8 Dodging


You had 4 spell levels left.
You didn't know any spells.
Your spell library was empty.

Dungeon Overview and Level Annotations

Branches:
Dungeon (3/15)

Altars:
Vehumet

Annotations:
D:3 Terence


Innate Abilities, Weirdness & Mutations

You have a pair of horns on your head.
You reflexively headbutt those who attack you in melee.


Message History

You closely miss the orc priest. You headbutt the orc priest.
You kill the orc priest!
Trog accepts your kill.
Your Axes skill increases to level 5!
No target in view!
Terence the Incautious comes into view.
He is wielding a +0 mace.
Terence shouts!
You feel a strong urge to attack something.
Terence hits you with a +0 mace.
You slash Terence! You headbutt Terence, but do no damage.
Terence is moderately wounded.
You are no longer berserk.
You are exhausted.
You feel yourself slow down.
Terence says, "Rest in peace."
Terence barely misses you.
A goblin comes into view. It is wielding a +0 club.
The goblin shouts!
You hit Terence but do no damage.
Terence is moderately wounded.
Terence closely misses you.
You hit Terence but do no damage. You headbutt Terence, but do no damage.
Terence is moderately wounded.
Terence misses you. Terence hits you with a +0 mace.
You hit Terence.
Terence is heavily wounded.
Terence misses you.
A kobold comes into view.
It is wielding a +0 club and quivering poisoned darts.
You hit Terence but do no damage.
Terence is heavily wounded.
Terence hits you with a +0 mace!
* * * LOW HITPOINT WARNING * * *
A kobold comes into view. It is wielding a +0 club.
Terence hits you with a +0 mace!
* * * LOW HITPOINT WARNING * * *
You barely miss Terence.
Terence is heavily wounded.
The kobold shouts!
Terence completely misses you. Terence hits you with a +0 mace.
You die...

####.#####.#..###
##..............##
.#...............##
.#................#
.#................#
.#............)...#
.#............)...####
...............))....#
.#..............@###...
................g@......
.........#.........K....
..........##.........K..
..........#.#..........#
.#.........#.##......##.
###.........# .#....#.#
.... #.#..#.#.


You could see Terence, a goblin and 2 kobolds.

Vanquished Creatures
  A necrophage (D:2)
  2 orc priests (D:3)
  A hound skeleton (D:2)
  A gnoll (D:1)
  2 adders (D:2)
  2 worms
  A dart slug (D:3)
  8 orcs (D:3)
  3 endoplasms
  2 giant cockroaches
  6 goblins
  4 hobgoblins
  2 ball pythons
  A bat (D:1)
  4 frilled lizards
  4 kobolds (D:1)
  3 rats
47 creatures vanquished.

Notes
Turn   | Place    | Note
-------+----------+-------------------------------------------
     0 | D:1      | LLlMATKO the Minotaur Berserker began the quest for the
                  | Orb.
     0 | D:1      | Reached XP level 1. HP: 19/19 MP: 0/0
   549 | D:1      | Reached XP level 2. HP: 11/27 MP: 1/1
  1979 | D:2      | Reached XP level 3. HP: 33/33 MP: 2/2
  2364 | D:2      | Reached XP level 4. HP: 31/41 MP: 3/3
  2491 | D:2      | Noticed a necrophage
  2497 | D:2      | Killed a necrophage
  2498 | D:2      | Reached XP level 5. HP: 47/47 MP: 4/4
  2616 | D:3      | Found a radiant altar of Vehumet.
  2842 | D:3      | Reached ** piety under Trog
  2898 | D:3      | Reached skill level 5 in Fighting
  2900 | D:3      | Reached skill level 5 in Axes
  2900 | D:3      | Noticed Terence
  2907 | D:3      | HP: 1/48 [Terence/+0 mace (9)]
  2908 | D:3      | Slain by Terence

Illustrated notes

Levels and vault maps discovered:
D:1:      lemuel_arrival_broad_hall, layout_rooms, serial_co_window_serial,
          co_window_corner_a, co_window_corner_a, co_window_paths_a,
          co_window_paths_a, co_window_paths_a, co_window_paths_b,
          co_window_broadway_c, co_window_2corner, co_window_unsneaky_path_a,
          co_window_corner_b, co_window_unsneaky_path_e, co_window_broadway_b,
          co_window_4corner_b, glass_columns_a, glass_columns_a
D:2:      layout_rooms, hangedman_decor_peaks_small
D:3:      layout_rooms, lemuel_crystal_altar, shapermc_ecumenical_altar_petra,
          minmay_misc_feat_secret_circle, hangedman_decor_slide_cut,
          uniq_terence

Skill      XL: |  1  2  3  4  5 |
---------------+----------------+-----
Fighting       | 4 5 |  5.1
Axes           | 4 5 |  5.0
Armour         | 3 4 |  4.2
Dodging        | 3 |  3.8

Action                   |  1- 3 |  4- 6 || total
-------------------------+-------+-------++-------
Melee: Hand axe          |    57 |    46 ||   103
       Headbutt          |     3 |     7 ||    10
Invok: Berserk           |     1 |     3 ||     4
Armor: Animal skin       |     3 |     6 ||     9
Dodge: Dodged            |    41 |    26 ||    67
